 Dungeon Crawl Stone Soup version 0.20.1-1-g8b1a95d66d (webtiles) character file.

123 Jynx the Changer (level 5, 0/39 HPs)
             Began as a Merfolk Transmuter on Dec 30, 2017.
             Succumbed to an adder's poison
             ... on level 3 of the Dungeon.
             The game lasted 00:06:50 (4071 turns).

Jynx the Changer (Merfolk Transmuter)               Turns: 4071, Time: 00:06:51

Health: 0/39       AC:  5    Str: 11    XL:     5   Next: 7%
Magic:  3/9        EV: 13    Int: 12    God:
Gold:   148        SH:  0    Dex: 15    Spells: 3/9 levels left

rFire    . . .     SeeInvis .     - Unarmed
rCold    . . .     Gourm    .   (no shield)
rNeg     . . .     Faith    .   b - +1 robe
rPois    .         Spirit   .   (no helmet)
rElec    .         Reflect  .   q - +0 cloak
rCorr    .         Harm     .   (no gloves)
MR       .....                  h - +0 pair of boots
Stlth    +.........             (no amulet)
Regen    0.2/turn               (no ring)
MPRegen  0.2/turn               (no ring)

@: lethally poisoned (0 -> 0), hasted, very quick
A: change form in water, swift swim, stealthy swim
a: no special abilities


You were on level 3 of the Dungeon.
You were not hungry.

You visited 1 branch of the dungeon, and saw 4 of its levels.

You collected 148 gold pieces.

Inventory:

Missiles
 a - 18 arrows
Armour
 b - a +1 robe (worn)
 h - a +0 pair of boots (worn)
 q - a +0 cloak (worn)
Wands
 n - a wand of polymorph (24/24)
Scrolls
 e - 2 scrolls of identify
 f - a scroll of enchant armour
 l - a scroll of fog
Potions
 i - 2 potions of magic
 t - a potion of agility
Books
 c - a book of Changes

   Spells                             Type                      Level
   a - Beastly Appendage              Transmutation                1
   b - Sticks to Snakes               Transmutation                2
   c - Spider Form                    Transmutation/Poison         3
   d - Ice Form                       Ice/Transmutation            4
   e - Blade Hands                    Transmutation                5
Comestibles
 d - 4 bread rations
 g - 5 fruits
 j - 2 meat rations
 m - a chunk of flesh
 r - a royal jelly


   Skills:
 + Level 2.5 Fighting
 - Level 2.6 Dodging
 + Level 3.8 Unarmed Combat
 + Level 2.9 Spellcasting
 * Level 4.5 Transmutations


You had 3 spell levels left.
You knew the following spells:

 Your Spells              Type           Power        Failure   Level  Hunger
a - Beastly Appendage     Tmut           ##....       4%          1    #......
b - Sticks to Snakes      Tmut           ##......     6%          2    ###....
c - Spider Form           Tmut/Pois      #.........   30%         3    ###....


Dungeon Overview and Level Annotations

Branches:
Dungeon (4/15)
 Temple: D:4-7

Altars:
Fedhas

Annotations:
D:4 Grinder


Message History

* * * LOW HITPOINT WARNING * * *
You feel sick.
Grinder looks more healthy.
Grinder hits your adder.
Your adder writhes in agony.
Your adder closely misses Grinder.
Your horns disappear.
Your adder bites Grinder but does no damage.
Grinder gestures at your adder.
Your adder suddenly stops moving!
A centaur comes into view. It is wielding a shortbow.
Okay, then.
The centaur shoots an arrow.
The arrow hits your adder.
You climb upwards.
* * * LOW HITPOINT WARNING * * *
You feel sick.
There is a stone staircase leading down here.
* * * LOW HITPOINT WARNING * * *
You feel sick.
* * * LOW HITPOINT WARNING * * *
You feel sick.
You die...

.# #........##....##
#. .# #.#...>.###>##.#
#. .# #......## #.##.#
##. .# #####.##
#.##.## ##.. .# #.#
#.....## #... .# #.#
#......# #.P. .# #.#
#...[.## #.._ .#
#.#####.....#####.P.
##
#..@................
#######....#####...#
####.# ##### #.#
################ #.#
#..............# #.#
#.#####..#####.# #.#
##........# #.# #.#
#...####..#####.###.##


There were no monsters in sight!

Vanquished Creatures
  A howler monkey (D:4)
  2 adders (D:2)
  An ooze (D:3)
  2 dart slugs
  3 leopard geckos
  A ball python (D:2)
  A giant cockroach (D:3)
  4 goblins
  5 hobgoblins
  8 jackals
  3 kobolds
  8 bats
  3 frilled lizards
  A quokka zombie (D:2)
  2 rats
45 creatures vanquished.

Vanquished Creatures (collateral kills)
  3 worms
3 creatures vanquished.

Grand Total: 48 creatures vanquished

Notes
Turn   | Place    | Note
-------+----------+-------------------------------------------
     0 | D:1      | Jynx the Merfolk Transmuter began the quest for the Orb.
     0 | D:1      | Reached XP level 1. HP: 15/15 MP: 3/3
   425 | D:1      | Reached skill level 3 in Transmutations
   425 | D:1      | Reached XP level 2. HP: 19/21 MP: 3/5
  1071 | D:1      | Reached XP level 3. HP: 24/26 MP: 4/6
  1099 | D:2      | Learned a level 2 spell: Sticks to Snakes
  1103 | D:2      | Learned a level 3 spell: Spider Form
  2387 | D:2      | Reached XP level 4. HP: 15/33 MP: 1/7
  2892 | D:3      | Reached skill level 4 in Transmutations
  3760 | D:3      | Found a blossoming altar of Fedhas.
  3901 | D:4      | Reached XP level 5. HP: 25/39 MP: 7/9
  3912 | D:4      | Noticed Grinder
  4053 | D:4      | Noticed a centaur
  4059 | D:3      | HP: 1/39 [poisoned by an adder]
  4064 | D:3      | HP: 1/39 [poisoned by an adder]
  4071 | D:3      | Succumbed to an adder's poison

Skill      XL: |  1  2  3  4 |
---------------+-------------+-----
Transmutations | 3 4 |  4.5
Fighting       | 2 |  2.5
Dodging        | |  2.6
Unarmed Combat | |  3.8
Spellcasting   | |  2.9

Action                   |  1- 3 |  4- 6 || total
-------------------------+-------+-------++-------
Melee: Unarmed           |   103 |    66 ||   169
       Headbutt          |    15 |     8 ||    23
       Punch             |     1 |       ||     1
 Cast: Beastly Appendage |    24 |    15 ||    39
       Sticks to Snakes  |     4 |     6 ||    10
  Use: Scroll            |     6 |     7 ||    13
       Potion            |       |     2 ||     2
  Eat: Chunk             |     5 |     5 ||    10
       Fruit             |       |     1 ||     1
Armor: Robe              |    16 |    18 ||    34
Dodge: Dodged            |    74 |    47 ||   121
